 Dungeon Crawl Stone Soup version 0.30-a0-1066-g63dfefce0d (webtiles) character file.

Game seed: 15898002776794291369

37 Darkkill the Shooter (level 3, 0/31 HPs)
             Began as a Minotaur Hunter on Apr 11, 2023.
             Succumbed to an adder's poison
             ... on level 2 of the Dungeon on Apr 12, 2023.
             The game lasted 00:06:20 (1185 turns).

Darkkill the Shooter (Minotaur Hunter)              Turns: 1185, Time: 00:06:20

Health: 0/31       AC:  4    Str: 15    XL:     3   Next: 23%
Magic:  2/2        EV: 12    Int:  6    God:
Gold:   75         SH:  0    Dex: 15    Spells: 2/2 levels left

rFire   . . .      SeeInvis .    a - +1 shortbow
rCold   . . .      Faith    .    (shield currently unavailable)
rNeg    . . .      Spirit   .    c - +1 leather armour
rPois   .          Reflect  .    (helmet restricted)
rElec   .          Rampage  .    (no cloak)
rCorr   .                        (no gloves)
Will    .....                    (no boots)
Stlth   ++                       l - amulet of the acrobat
HPRegen 0.25/turn                (no ring)
MPRegen 0.08/turn                (no ring)

@: lethally poisoned (0 -> -3)
A: horns 2, retaliatory headbutt
a: no special abilities


You were on level 2 of the Dungeon.
You visited 1 branch of the dungeon, and saw 2 of its levels.

You collected 75 gold pieces.

Inventory:

Hand Weapons
 a - a +1 shortbow (weapon)
Missiles
 e - 9 stones
 f - 2 poisoned darts
Armour
 c - a +1 leather armour (worn)
Jewellery
 h - a ring of magical power
 j - a +6 ring of intelligence
 l - an amulet of the acrobat (around neck)
 r - a +4 ring of protection
Scrolls
 b - a scroll of immolation
 p - a scroll of blinking
 q - 2 scrolls of enchant armour
 t - a scroll of amnesia
Potions
 d - a potion of heal wounds {unknown}
 g - 2 potions of flight
 i - a potion of might
 k - a potion of haste {unknown}
 m - a potion of magic
 n - a potion of curing {unknown}
 o - a potion of lignification {unknown}
 u - a potion of brilliance {unknown}


   Skills:
 + Level 3.0 Fighting
 + Level 4.7 Ranged Weapons
 + Level 2.7 Dodging
 + Level 1.5 Stealth


You had 2 spell levels left.
You didn't know any spells.
Your spell library contained the following spells:

 Spells                   Type           Power      Damage    Failure   Level
 Sting                    Tmut/Pois      0%         1d3       52%         1
 Ensorcelled Hibernation  Hex/Ice        0%         N/A       67%         2
 Passwall                 Tmut/Erth      0%         N/A       67%         2
 Poisonous Vapours        Pois/Air       0%         N/A       67%         2
 Swiftness                Air            0%         N/A       88%         3
 Animate Armour           Summ/Erth      0%         N/A       99%         4
 Olgreb's Toxic Radiance  Pois           0%         N/A       99%         4
 Blade Hands              Tmut           0%         N/A       100%        5
 Iron Shot                Conj/Erth      0%         9d1       100%        6


Dungeon Overview and Level Annotations

Branches:
Dungeon (2/15)

Altars:

Shops:
D:2 (


Innate Abilities, Weirdness & Mutations

You have a pair of horns on your head.
You reflexively headbutt those who attack you in melee.


Message History

u - a cyan potion
Found Ybiom's Antique Weapon Shop.
An adder comes into view.
You shoot an arrow. The arrow hits the adder.
The adder hisses angrily.
The adder is lightly wounded.
An adder is nearby!
You shoot an arrow. The arrow barely misses the adder.
You shoot an arrow. The arrow barely misses the adder.
An adder is nearby!
You shoot an arrow. The arrow barely misses the adder.
The adder bites you.
An adder is nearby!
You shoot an arrow. The arrow barely misses the adder.
The adder misses you. The adder bites you.
You shoot an arrow. The arrow barely misses the adder.
The adder misses you. You furiously retaliate!
You headbutt the adder!
You kill the adder!
You have reached level 3!
Your experience leads to an increase in your attributes!
Increase (S)trength, (I)ntelligence, or (D)exterity?
You feel agile. x2
As you read the scroll labelled VEET SIOBLAYBB, it crumbles to dust.
It is a scroll of enchant armour.
Your +0 leather armour glows green for a moment.
As you read the scroll labelled ELULOM VENE, it crumbles to dust.
It is a scroll of enchant weapon.
Your +0 shortbow glows red for a moment.
As you read the scroll of identify {@r1}, it crumbles to dust.
m - a potion of magic You see here an adder corpse.
There is an entrance to Ybiom's Antique Weapon Shop here.
There is a fountain of clear blue water here.
A bat comes into view.
You shoot an arrow. The arrow barely misses the bat.
The bat hits you but does no damage.
A bat is nearby!
You shoot an arrow. The arrow hits the bat!
You kill the bat!
There is a stone staircase leading up here.
Found a stone staircase leading up.
No target in view!
j - a +6 ring of intelligence An adder comes into view.
Found two stone staircases leading down.
The adder hisses angrily.
You shoot an arrow. The arrow closely misses the adder.
An adder is nearby!
You shoot an arrow. The arrow misses the adder.
An adder is nearby!
You shoot an arrow. The arrow misses the adder.
The adder bites you.
You are poisoned.
The adder poisons you!
An adder is nearby!
You shoot an arrow. The arrow hits the adder.
The adder is heavily wounded.
You feel sick. The adder bites you.
You are more poisoned.
The adder poisons you!
An adder is nearby!
You shoot an arrow.
The arrow hits the adder but does no damage.
The adder is heavily wounded.
You feel sick. The adder bites you. x2
An adder is nearby!
You are too injured to fight recklessly!
An adder is nearby!
You are too injured to fight recklessly!
An adder is nearby!
You are too injured to fight recklessly!
You are too injured to fight recklessly!
An adder is nearby!
You feel sick. The adder closely misses you.
You shoot an arrow. The arrow closely misses the adder.
You feel sick. The adder barely misses you. The adder bites you.
You are more poisoned.
The adder poisons you!
You shoot an arrow. The arrow misses the adder.
You feel sick. The adder closely misses you.
The adder bites you but does no damage.
You shoot an arrow. The arrow closely misses the adder.
You feel sick. The adder bites you.
* * * LOW HITPOINT WARNING * * *
The adder bites you.
* * * LOW HITPOINT WARNING * * *
You are lethally poisoned!
The adder poisons you!
You shoot an arrow. The arrow barely misses the adder.
* * * LOW HITPOINT WARNING * * *
You feel sick. The adder bites you.
* * * LOW HITPOINT WARNING * * *
You shoot an arrow. The arrow barely misses the adder.
* * * LOW HITPOINT WARNING * * *
You feel sick. The adder barely misses you. The adder closely misses you.
You shoot an arrow. The arrow closely misses the adder.
* * * LOW HITPOINT WARNING * * *
You feel sick. The adder closely misses you.
The adder bites you but does no damage.
You shoot an arrow.
The arrow hits the adder but does no damage.
The adder is heavily wounded.
You die...

#.####.#
.......#
#.###..#
#......########
#####.........#
#########.# #
#.# # #.#### #
#...@# # ####S#
. #.# ## #.#
#.# .>. #># #.#
#


You could see an adder.

Vanquished Creatures
  An adder (D:2)
  A worm (D:2)
  5 bats
  An endoplasm (D:1)
  4 giant cockroaches
  2 goblins
  2 hobgoblins (D:1)
  2 ball pythons (D:1)
  4 frilled lizards (D:1)
  2 kobolds (D:1)
  4 rats
28 creatures vanquished.

Notes
Turn   | Place    | Note
-------+----------+-------------------------------------------
     0 | D:1      | Darkkill the Minotaur Hunter began the quest for the Orb.
     0 | D:1      | Reached XP level 1. HP: 18/18 MP: 0/0
   124 | D:1      | Upgraded the game from 0.30-a0-1053-gbd8d5ba0ad to
                  | 0.30-a0-1066-g63dfefce0d
   125 | D:1      | Reached skill level 1 in Stealth
   225 | D:1      | Reached XP level 2. HP: 25/25 MP: 1/1
  1073 | D:2      | Found Ybiom's Antique Weapon Shop.
  1081 | D:2      | Reached XP level 3. HP: 28/31 MP: 2/2
  1182 | D:2      | HP: 5/31 [poisoned by an adder]
  1184 | D:2      | HP: 1/31 [poisoned by an adder]
  1185 | D:2      | Succumbed to an adder's poison

Illustrated notes

Levels and vault maps discovered:
D:1:      eino_arrival_cavern_d, layout_loops_corners, serial_glass,
          glass_columns_a, glass_columns_b, due_unseen_surprise,
          minmay_strange_pillars, minmay_strange_pillars, item_on_display_a,
          dk_noncrumbling_3, minmay_hexomino_f4
D:2:      layout_loops_cross, serial_shops, shop_fountains,
          hangedman_abyss_or_decor_lesser_grid

Skill      XL: |  1  2 |
---------------+-------+-----
Stealth        | 1 |  1.5
Fighting       | 3 |  3.0
Ranged Weapons | |  4.7
Dodging        | |  2.7

Action                     || total
---------------------------++-------
   Fire: Shortbow          ||    89
    Use: Scroll            ||     7
 Armour: Leather armour    ||     6
  Dodge: Dodged            ||    20

Table legend: (Time is in decaauts)
 A = Elapsed time spent in this place.
 B = Non-inter-level travel time spent in this place.
 C = Inter-level travel time spent in this place.
 D = Time resting spent in this place.
 E = Time spent auto-exploring this place.
 F = Levels seen in this place.
 G = Mean time per level.
                   A        B        C        D        E       F      G
               +--------+--------+--------+--------+--------+-----+--------+
         Total |   1211 |   1196 |     15 |      0 |   1012 |   2 |  605.5 |
       Dungeon |   1211 |   1196 |     15 |      0 |   1012 |   2 |  605.5 |
               +--------+--------+--------+--------+--------+-----+--------+

Top non-repeatable levels by time:
     D:1: 849 daAuts
     D:2: 362 daAuts

Table legend:
 A = Kills in this place as a percentage of kills in the entire game.
 B = Kills by you in this place as a percentage of kills by you in the entire game.
 C = Kills by friends in this place as a percentage of kills by friends in the entire game.
 D = Other kills in this place as a percentage of other kills in the entire game.
 E = Experience gained in this place as a percentage of experience gained in the entire game.
 F = Experience gained in this place divided by the number of levels of this place that you have seen.
                   A       B       C       D       E      F
               +-------+-------+-------+-------+-------+----------------------
         Total | 100.0 | 100.0 |   N/A |   N/A | 100.0 |  27.0
       Dungeon | 100.0 | 100.0 |   N/A |   N/A | 100.0 |  27.0
               +-------+-------+-------+-------+-------+----------------------
